 Dungeon Crawl Stone Soup version 0.30.0-5-g1a98f26d00 (webtiles) character file.

Game seed: 13056272387469549744

51 zazu2006 the Magician (level 3, 0/27 HPs)
             Began as a Demigod Hedge Wizard on May 10, 2023.
             Slain by a gnoll
             ... wielding a +0 spear
              (5 damage)
             ... on level 2 of the Dungeon.
             The game lasted 00:01:50 (1171 turns).

zazu2006 the Magician (Demigod Hedge Wizard)        Turns: 1171, Time: 00:01:51

Health: 0/27       AC:  2    Str: 11    XL:     3   Next: 36%
Magic:  4/10       EV: 12    Int: 16    God:
Gold:   128        SH:  0    Dex: 17    Spells: 7/8 levels left

rFire   . . .        h - +0 long sword
rCold   . . .        (no shield)
rNeg    . . .        b - +0 robe
rPois   .            c - +0 hat
rElec   .            (no cloak)
rCorr   .            (no gloves)
SInv    +            (no boots)
Will    .....        (no amulet)
Stlth   ++           o - ring of see invisible
HPRegen 0.24/turn    (no ring)
MPRegen 0.12/turn

%: no passive effects
@: no status effects
A: high MP 1, forlorn, divine attributes
a: no special abilities


You were on level 2 of the Dungeon.
You visited 1 branch of the dungeon, and saw 2 of its levels.

You collected 128 gold pieces.

Inventory:

Hand Weapons
 h - a +0 long sword (weapon)
Armour
 b - a +0 robe (worn)
 c - a +0 hat (worn)
Magical Staves
 i - a staff of fire
Jewellery
 o - a ring of see invisible (left hand)
Scrolls
 a - 2 scrolls of poison {unknown}
 f - a scroll of enchant weapon {unknown}
 j - 4 scrolls of teleportation {unknown}
 l - a scroll of noise {unknown}
 n - a scroll of blinking {unknown}
Potions
 d - a potion of magic
 e - 2 potions of lignification {unknown}
 g - 3 potions of haste {unknown}
 k - a potion of ambrosia {unknown}
 m - a potion of curing {unknown}


   Skills:
 + Level 0.3 Fighting
 + Level 0.6 Long Blades
 + Level 2.0 Dodging
 + Level 2.0 Stealth
 + Level 3.4 Spellcasting
 + Level 1.1 Conjurations
 + Level 1.0 Summonings
 + Level 0.8 Translocations


You had 7 spell levels left.
You knew the following spells:

 Your Spells              Type           Power      Damage    Failure   Level
a - Magic Dart            Conj           24%        1d4       11%         1

Your spell library contained the following spells:

 Spells                   Type           Power      Damage    Failure   Level
 Slow                     Hex            8%         N/A       19%         1
 Sting                    Tmut/Pois      8%         1d3       19%         1
 Blink                    Tloc           10%        N/A       19%         2
 Call Imp                 Summ           12%        N/A       19%         2
 Cigotuvi's Dreadful Rot  Necr/Pois/Air  4%         N/A       26%         2
 Poisonous Vapours        Pois/Air       4%         N/A       26%         2
 Sublimation of Blood     Necr           2%         N/A       26%         2
 Mephitic Cloud           Conj/Pois/Air  3%         N/A       43%         3
 Olgreb's Toxic Radiance  Pois           2%         N/A       87%         4
 Petrify                  Tmut/Erth      2%         N/A       87%         4
 Irradiate                Conj/Tmut      2%         3d12      98%         5


Dungeon Overview and Level Annotations

Branches:
Dungeon (2/15)


Innate Abilities, Weirdness & Mutations

You have an increased reservoir of magic. (+10% MP)
You shall have no god before yourself.
Your divine heritage dramatically boosts your attributes as you level up.


Message History

Things that are here:
a +0 war axe; a +0 leather armour Your magical contamination has completely faded away.
The gnoll misses you.
Things that are here:
a +0 war axe; a +0 leather armour You slash the gnoll!
The gnoll is heavily wounded.
The gnoll barely misses you.
You hit the gnoll.
The gnoll is severely wounded.
The gnoll hits you with a +0 whip. The gnoll barely misses you. x2
You hit the gnoll but do no damage.
The gnoll is severely wounded.
The gnoll completely misses you. The gnoll hits you with a +0 whip.
Casting: Magic Dart (safe; 12% risk of failure)
Confirm with . or Enter, or press ? or * to list all spells.
Aiming: Magic Dart (safe; 12% risk of failure)
Press: ? - help, Shift-Dir - straight line, f/p - gnoll
Aim: a gnoll, wielding a +0 whip (severely wounded, 100% to hit)
The magic dart hits the gnoll.
You kill the gnoll!
The gnoll hits you from afar with a +0 spear!
Unknown command.
Casting: Magic Dart (safe; 11% risk of failure)
Confirm with . or Enter, or press ? or * to list all spells.
Aiming: Magic Dart (safe; 11% risk of failure)
Press: ? - help, Shift-Dir - straight line, f - gnoll
Aim: a gnoll, wielding a +0 spear (100% to hit)
The magic dart hits the gnoll but does no damage.
The gnoll hits you from afar with a +0 spear!
* * * LOW HITPOINT WARNING * * *
Casting: Magic Dart (safe; 11% risk of failure)
Confirm with . or Enter, or press ? or * to list all spells.
Aiming: Magic Dart (safe; 11% risk of failure)
Press: ? - help, Shift-Dir - straight line, f/p - gnoll
Aim: a gnoll, wielding a +0 spear (100% to hit)
The magic dart hits the gnoll but does no damage.
The gnoll hits you from afar with a +0 spear.
You die...

#.##.###.##.#.#.###
#......#.##.#.#.# #
##.##.#.#......#.###
#...#.#.####........
#.#...#.# ##.##.##.
######...###.#
##.##.##.
.........###.#
.....##.
#..##.......#
.#.#####.
#..##.#@#####
.#.#####. #.....#)#
. #...)... #.##..#g#
######.# .#......K#
#... .........#####.
#..#
##.##.#.........
...).# #........g..
.......#
#.#.........
.o......
#...#.#####..
#####.##


You could see a gnoll and a kobold.

Vanquished Creatures
  A gnoll (D:2)
  An adder (D:2)
  5 orcs (D:2)
  A ball python (D:1)
  3 endoplasms
  2 goblins (D:1)
  A hobgoblin (D:2)
  3 jackals (D:1)
  2 kobolds (D:2)
  2 bats
  3 frilled lizards
  A rat (D:2)
25 creatures vanquished.

Notes
Turn   | Place    | Note
-------+----------+-------------------------------------------
     0 | D:1      | zazu2006 the Demigod Hedge Wizard began the quest for the
                  | Orb.
     0 | D:1      | Reached XP level 1. HP: 14/14 MP: 6/6
    46 | D:1      | Reached skill level 1 in Summonings
   297 | D:1      | Reached skill level 3 in Spellcasting
   497 | D:1      | Reached XP level 2. HP: 20/20 MP: 8/8
   797 | D:2      | Reached skill level 1 in Conjurations
  1049 | D:2      | Reached XP level 3. HP: 21/26 MP: 3/10
  1171 | D:2      | Slain by a gnoll

Illustrated notes

Levels and vault maps discovered:
D:1:      minmay_arrival_diagonal_passages, layout_rooms, minmay_pentomino_s4
D:2:      layout_loops_cross, hellmonk_ecumenical_altar_inner_sanctum,
          wander_ebering_terrifying_dragon_lair

Skill      XL: |  1  2 |
---------------+-------+-----
Summonings     | 1 |  1.0
Spellcasting   | 3 |  3.4
Stealth        | 2 |  2.0
Conjurations   | 1 |  1.1
Dodging        | 2 |  2.0
Fighting       | |  0.3
Long Blades    | |  0.6
Translocations | |  0.8

Action                     || total
---------------------------++-------
  Melee: Long sword        ||    39
         Dagger            ||     3
   Cast: Magic Dart        ||    34
 Armour: Robe              ||    12
  Dodge: Dodged            ||    39
